 Dungeon Crawl Stone Soup version 0.18-a0-824-g47fe746 (webtiles) character file.

10 Raultor the Skirmisher (level 2, -1/24 HPs)
             Began as a Demonspawn Fighter on Dec 17, 2015.
             Slain by a goblin
             ... wielding a +0 club
              (2 damage)
             ... on level 1 of the Dungeon.
             The game lasted 00:00:47 (166 turns).

Raultor the Skirmisher (Demonspawn Fighter)          Turns: 166, Time: 00:00:48

Health: -1/24      AC:  6    Str: 16    XL:     2   Next: 10%
Magic:  2/2        EV:  6    Int:  9    God:
Gold:   24         SH:  8    Dex: 12    Spells: 0 memorised, 1 level left

rFire  . . .     SeeInvis .     a - +0 flail
rCold  . . .     Gourm    .     b - +0 scale mail
rNeg   . . .     Faith    .     c - +0 shield
rPois  .         Spirit   .     (no helmet)
rElec  .         Dismiss  .     (no cloak)
rCorr  .         Reflect  .     (no gloves)
SustAt .         Harm     .     (no boots)
MR     .....                    (no amulet)
Stlth  ..........               (no ring)
                                (no ring)

@: not resistant to hostile enchantments, extremely unstealthy
A: talons 1
a: no special abilities


You were on level 1 of the Dungeon.
You were not hungry.

You visited 1 branch of the dungeon, and saw 1 of its levels.

You collected 24 gold pieces.

Inventory:

Hand Weapons
 a - a +0 flail (weapon)
Armour
 b - a +0 scale mail (worn)
 c - a +0 shield (worn)
Scrolls
 e - a scroll of noise {unknown}
Potions
 d - a potion of might
Comestibles
 f - a bread ration {@e1}
 g - 5 chunks of flesh {@w0}


   Skills:
 + Level 3.1 Fighting
 * Level 2.2 Maces & Flails
 + Level 2.8 Armour
 + Level 2.7 Shields


You had one spell level left.
You didn't know any spells.

Dungeon Overview and Level Annotations

Branches:
Dungeon (1/15)

Altars:


Innate Abilities, Weirdness & Mutations

You have sharp toenails.


Message History

The goblin closely misses you.
You regained 3 hp, and now have 11/24 hp.
MP restored: 2 You closely miss the goblin.
You claw the goblin. The goblin hits you but does no damage.
Your shield and scale mail prevent you from hitting the goblin.
You claw the goblin. The goblin barely misses you.
The goblin hits you but does no damage.
You thump the goblin!
You kill the goblin!
There isn't anything here!
e - a scroll labeled GADUCUKHLEEN
Items here: )) †† a club x2 a hobgoblin corpse; a goblin corpse You butcher the goblin corpse.
g - a chunk of flesh {@w0}
Things that are here:
a club x2 a hobgoblin corpse You butcher the hobgoblin corpse.
g - 5 chunks of flesh {@w0} (gained 4)
Things that are here:
a club x2 a hobgoblin skeleton A giant newt comes into view.
You see here a fuming grey potion.
You are too injured to fight recklessly!
You are too injured to fight recklessly!
Unknown command.
A bat comes into view.
The bat hits you but does no damage. You block the bat's attack.
The giant newt barely misses you.
Your scale mail prevents you from hitting the giant newt.
You claw the giant newt, but do no damage.
You block the bat's attack. You block the giant newt's attack.
Your shield prevents you from hitting the giant newt.
The bat hits you. You block the giant newt's attack.
A kobold comes into view. It is wielding a short sword.
You take 1 damage, and have 12/24 hp.
You miss the giant newt.
The kobold shouts!
The bat hits you but does no damage.
The giant newt bites you but does no damage. x2
You barely miss the giant newt. Your kick misses the giant newt.
The bat hits you but does no damage. The giant newt bites you.
The kobold throws a stone.
The stone hits you but does no damage.
You take 3 damage, and have 9/24 hp.
Your shield and scale mail prevent you from hitting the giant newt.
You claw the giant newt.
You kill the giant newt!
You block the bat's attack. The bat barely misses you.
You see here a giant newt corpse.
You closely miss the kobold. The bat hits you but does no damage.
You block the kobold's attack. You block the bat's attack.
A goblin comes into view. It is wielding a club.
You closely miss the kobold.
The goblin shouts!
You claw the kobold, but do no damage. The bat barely misses you.
The kobold hits you with a short sword.
* * * LOW HITPOINT WARNING * * *
The kobold hits you with a short sword.
* * * LOW HITPOINT WARNING * * *
You take 3 damage, and have 6/24 hp.
You closely miss the kobold. Your kick misses the kobold.
The bat hits you but does no damage. The kobold hits you but does no damage.
The bat hits you but does no damage.
You closely miss the kobold. Your kick misses the kobold.
The bat hits you but does no damage. You block the kobold's attack.
You closely miss the kobold. The bat hits you but does no damage.
The kobold hits you with a short sword.
* * * LOW HITPOINT WARNING * * *
You block the kobold's attack.
You take 2 damage, and have 5/24 hp.
You barely miss the kobold. Your kick misses the kobold.
The bat barely misses you. The goblin hits you with a club.
* * * LOW HITPOINT WARNING * * *
You block the kobold's attack.
You take 1 damage, and have 4/24 hp.
Your shield and scale mail prevent you from hitting the kobold.
You claw the kobold, but do no damage. You block the bat's attack.
The kobold barely misses you. The goblin completely misses you.
The kobold hits you but does no damage.
You closely miss the kobold. You claw the kobold, but do no damage.
The goblin barely misses you. The bat hits you but does no damage.
The kobold barely misses you. The goblin barely misses you.
You closely miss the kobold. Your kick misses the kobold.
You block the bat's attack. The kobold barely misses you.
The goblin hits you but does no damage.
You closely miss the kobold. Your kick misses the kobold.
The bat hits you but does no damage. You block the kobold's attack.
The goblin hits you but does no damage. You block the kobold's attack.
You closely miss the kobold. You block the bat's attack.
The goblin hits you but does no damage. You block the kobold's attack.
You hit the kobold. You claw the kobold, but do no damage.
You block the bat's attack. The goblin hits you with a club.
* * * LOW HITPOINT WARNING * * *
The kobold hits you but does no damage. The goblin hits you with a club.
You die...

........................
........................
........................
......b......######..#..
...........[...###..##..
......(........##).####.
##....g....#.#....## #.
......K@...#.....## ##
##......(!.###...# #
#..............## #
..#.............## #
.................#######
...$##..................
.##. #.........#........
. #.........#........


You could see a goblin, a bat and a kobold.

Vanquished Creatures
  An ooze (D:1)
  A hobgoblin (D:1)
  A giant newt (D:1)
  3 goblins (D:1)
6 creatures vanquished.

Notes
Turn   | Place    | Note
--------------------------------------------------------------
     0 | D:1      | Raultor the Demonspawn Fighter began the quest for the Orb.
     0 | D:1      | Reached XP level 1. HP: 18/18 MP: 1/1
   117 | D:1      | Reached skill level 2 in Maces & Flails
   124 | D:1      | Gained mutation: You have sharp toenails. [demonic ancestry]
   124 | D:1      | Reached XP level 2. HP: 10/24 MP: 2/2
   156 | D:1      | HP: 6/24 [kobold/short sword (1)]
   166 | D:1      | HP: 1/24 [goblin/club (3)]
   166 | D:1      | Slain by a goblin

Vault maps used:
D:1:      dpeg_arrival_connections

Action                   || total
-------------------------++-------
Melee: Flail             ||    41

Vault maps used:
D:1:      dpeg_arrival_connections

Table legend:
 A = Turns spent in this place as a percentage of turns spent in the entire game.
 B = Non-inter-level travel turns spent in this place as a percentage of non-inter-level travel turns spent in the entire game.
 C = Inter-level travel turns spent in this place as a percentage of turns spent in this place.
 D = Turns resting spent in this place as a percentage of non-inter-level travel turns spent in this place.
 E = Turns spent auto-exploring this place as a percentage of non-inter-level travel turns spent in this place.
 F = Non-inter-level travel turns spent in this place divided by the number of levels of this place that you've seen.
                   A       B       C       D       E      F
               +-------+-------+-------+-------+-------+----------------------
         Total | 100.0 | 100.0 |   0.0 |   0.0 |   6.5 |  77.0
       Dungeon | 100.0 | 100.0 |   0.0 |   0.0 |   6.5 |  77.0
               +-------+-------+-------+-------+-------+----------------------

Table legend:
 A = Kills in this place as a percentage of kills in entire the game.
 B = Kills by you in this place as a percentage of kills by you in the entire game.
 C = Kills by friends in this place as a percentage of kills by friends in the entire game.
 D = Other kills in this place as a percentage of other kills in the entire game.
 E = Experience gained in this place as a percentage of experience gained in the entire game.
 F = Experience gained in this place divided by the number of levels of this place that you have seen.
                   A       B       C       D       E      F
               +-------+-------+-------+-------+-------+----------------------
         Total | 100.0 | 100.0 |  -nan |  -nan | 100.0 |  15.0
       Dungeon | 100.0 | 100.0 |  -nan |  -nan | 100.0 |  15.0
               +-------+-------+-------+-------+-------+----------------------
